 Dungeon Crawl Stone Soup version 0.18-a0-1655-ge2d8d33 (webtiles) character file.

43 HeWhoDoesNotSavescum the Insei (level 3, -2/29 HPs)
             Began as a Mummy Monk on Mar 30, 2016.
             Slain by Crazy Yiuf
             ... wielding a +2 quarterstaff of chaos
              (5 damage)
             ... on level 2 of the Dungeon.
             The game lasted 00:01:22 (1629 turns).

HeWhoDoesNotSavescum the Insei (Mummy Monk)         Turns: 1629, Time: 00:01:22

Health: -2/29      AC:  0    Str: 14    XL:     3   Next: 37%
Magic:  3/3        EV: 13    Int:  9    God:
Gold:   82         SH:  0    Dex: 15    Spells: 0 memorised, 2 levels left

rFire  x . .     SeeInvis .       - Unarmed
rCold  + . .     Gourm    .     (no armour)
rNeg   + + +     Faith    .     (no shield)
rPois  ∞         Spirit   .     (no helmet)
rElec  .         Dismiss  .     (no cloak)
rCorr  .         Reflect  .     (no gloves)
SustAt .         Harm     .     (no boots)
MR     .....                    (no amulet)
Stlth  ++........               (no ring)
                                (no ring)

@: not resistant to hostile enchantments, unstealthy
A: no food or potions, fire vulnerability, cold resistance 1, negative energy
resistance 3, torment resistance, unbreathing
a: no special abilities


You were on level 2 of the Dungeon.
You were not hungry.

You visited 1 branch of the dungeon, and saw 2 of its levels.

You collected 82 gold pieces.


Innate Abilities, Weirdness & Mutations

You do not eat or drink.
Your flesh is vulnerable to fire.
You are immune to poison.
Your flesh is cold resistant.
You are immune to negative energy.
You are immune to unholy pain and torment.
You can survive without breathing.


   Skills:
 - Level 3.0 Fighting
 - Level 2.4 Dodging
 - Level 1.5 Stealth
 + Level 4.3 Unarmed Combat


You had 2 spell levels left.
You didn't know any spells.

Inventory:

Scrolls
 a - a scroll of enchant weapon {unknown}
 b - a scroll of amnesia {unknown}
 c - a scroll of random uselessness {unknown}
 d - a scroll of recharging {unknown}
 e - a scroll of noise {unknown}

Dungeon Overview and Level Annotations

Branches:
Dungeon (2/15)

Altars:

Annotations:
D:2 Crazy Yiuf

.▒▒▒▒▒▒....▒▒▒.▒▒▒▒▒.▒▒▒
▒.....▒ ▒.........▒
▒▒▒▒▒▒▒ ▒▒▒▒▒▒▒▒▒.▒ ▒.▒
▒.▒ ▒▒▒ ♣♣▒▒▒.▒ ▒)..▒
♣♣..▒..▒
▒.....♣♣♣♣......▒▒
♣g.♣M♣......▒
♣♣♣g♣...▒▒.▒.▒
♣♣♣♣♣▒▒▒▒.▒▒ .▒ .▒ .▒


You could see Crazy Yiuf.


Message History

You pummel Crazy Yiuf like a punching bag!
Crazy Yiuf is lightly wounded!
Crazy Yiuf hits you with a quarterstaff of chaos!!!
Crazy Yiuf burns you!!! * * * don't die
* * * You are too injured to fight recklessly!!!
You are too injured to fight recklessly!!!
You are too injured to fight recklessly!!!
You are too injured to fight recklessly!!!
You closely miss Crazy Yiuf!
Crazy Yiuf is lightly wounded!
Crazy Yiuf screams, "Key!!!
Buddy cower verde!"
Crazy Yiuf barely misses you!
You pummel Crazy Yiuf but do no damage!
Crazy Yiuf is lightly wounded!
You pulverise Crazy Yiuf!
Crazy Yiuf is moderately wounded!
Crazy Yiuf misses you!
You squash Crazy Yiuf but do no damage!
Crazy Yiuf is moderately wounded!
Crazy Yiuf says, "Crazy?
Crazy!!!?
PORCUPINE!!!"
Crazy Yiuf hits you with a quarterstaff of chaos! * * * don't die
* * * You pulverise Crazy Yiuf but do no damage!
Crazy Yiuf is moderately wounded!
Crazy Yiuf completely misses you!
You barely miss Crazy Yiuf!
Crazy Yiuf is moderately wounded!
Crazy Yiuf hits you with a quarterstaff of chaos! rip

Action                   || total
-------------------------++-------
Melee: Unarmed           ||   130
 Stab: Sleeping          ||     1
       Distracted        ||     1

Vault maps used:
D:1:      onia_arrival_mini_maze_b
D:2:      nemelex_deck, uniq_terence, uniq_crazy_yiuf_cottage, uniq_natasha

Notes
Turn   | Place    | Note
--------------------------------------------------------------
     0 | D:1      | HeWhoDoesNotSavescum the Mummy Monk began the quest for the Orb.
     0 | D:1      | Reached XP level 1. HP: 18/18 MP: 1/1
   218 | D:1      | Reached XP level 2. HP: 17/24 MP: 2/2
   628 | D:1      | HP: 2/24 [jackal (3)]
   799 | D:1      | Reached skill level 4 in Unarmed Combat
  1190 | D:1      | Reached XP level 3. HP: 17/29 MP: 3/3
  1612 | D:2      | Noticed Crazy Yiuf
  1629 | D:2      | Slain by Crazy Yiuf

Vanquished Creatures
  An adder (D:2)
  A dart slug (D:1)
  A giant cockroach (D:1)
  4 hobgoblins (D:1)
  5 jackals (D:1)
  A quokka (D:2)
  3 bats (D:1)
  3 giant newts
  4 goblins
  3 kobolds (D:1)
  4 rats (D:1)
30 creatures vanquished.
